 Dungeon Crawl Stone Soup version 0.29-a0-90-gc37658a0fe (webtiles) character file.

Game seed: 14962066284590765012

2100 enile the Vexing (level 9, -10/41 HPs)
             Began as a Felid Enchanter on Feb 7, 2022.
             Was an Elder of Elyvilon.
             Mangled by a hornet zombie (13 damage)
             ... on level 7 of the Dungeon.
             The game lasted 00:25:33 (12541 turns).

enile the Vexing (Felid Enchanter)                 Turns: 12541, Time: 00:25:33

Health: -10/41     AC:  2    Str:  4    XL:     9   Next: 7%
Magic:  21/23      EV: 21    Int: 29    God:    Elyvilon [****..]
Gold:   431        SH:  0    Dex: 16    Spells: 2/14 levels left
                                        Lives:  0   Deaths: 2

rFire   + . .      SeeInvis +     - Unarmed
rCold   x . .      Faith    .   (shield unavailable)
rNeg    + . .      Spirit   .   (armour unavailable)
rPois   .          Reflect  .   (helmet unavailable)
rElec   .          Harm     .   (cloak unavailable)
rCorr   .          Rampage  .   (gloves unavailable)
Will    ++...                   (boots unavailable)
Stlth   ++++......              (no amulet)
HPRegen 0.13/turn               j - ring "Cumatt" {rF+ rC- rN+ Will+ Int+8}
MPRegen 0.18/turn               i - ring of magical power

@: quick
A: very small, claws 1, fangs 3, see invisible, speed 1, shaggy fur 2, stealthy
paws, no weapons or thrown items, no armour, multi-lived
a: Renounce Religion, Purification, Heal Other, Heal Self


You were on level 7 of the Dungeon.
You worshipped Elyvilon.
Elyvilon was greatly pleased with you.
You visited 1 branch of the dungeon, and saw 7 of its levels.

You collected 431 gold pieces.

Inventory:

Jewellery
 a - a ring of protection from cold
 h - a ring of flight
 i - a ring of magical power (right paw)
 j - the ring "Cumatt" (left paw) {rF+ rC- rN+ Will+ Int+8}
   (You acquired it on level 6 of the Dungeon)

   [ring of positive energy]

   Int:       It affects your intelligence (+8).
   rF:        It protects you from fire.
   rC:        It makes you vulnerable to cold.
   rN:        It protects you from negative energy.
   Will:      It increases your willpower.
Wands
 o - a wand of digging (8)
 q - a wand of polymorph (4)
Scrolls
 b - 2 scrolls of blinking {unknown}
 c - 2 scrolls of amnesia
 g - 2 scrolls of enchant armour {unknown}
 k - a scroll of magic mapping {unknown}
Potions
 d - a potion of degeneration {unknown}
 e - 2 potions of lignification {unknown}
 f - 2 potions of heal wounds
 l - a potion of resistance {unknown}
 m - 2 potions of brilliance {unknown}
 n - a potion of mutation {unknown}
 p - a potion of berserk rage {unknown}
 r - a potion of magic {unknown}
 s - a potion of flight {unknown}
 t - a potion of haste {unknown}


   Skills:
 - Level 6.0 Fighting
 - Level 7.0 Dodging
 - Level 7.0 Stealth
 - Level 7.0 Unarmed Combat
 - Level 3.0 Spellcasting
 - Level 7.0 Hexes
 - Level 3.0 Ice Magic
 + Level 2.4 Evocations


You had 2 spell levels left.
You knew the following spells:

 Your Spells              Type           Power      Damage    Failure   Level
a - Slow                  Hex            100%       N/A       1%          1
b - Ensorcelled Hibernat  Hex/Ice        66%        N/A       1%          2
c - Tukima's Dance        Hex            44%        N/A       1%          3
d - Confusing Touch       Hex            44%        N/A       1%          3
e - Dazzling Flash        Conj/Hex       48%        N/A       5%          3

Your spell library contained the following spells:

 Spells                   Type           Power      Damage    Failure   Level
 Animate Skeleton         Necr           8%         N/A       8%          1
 Pain                     Necr           16%        1d4       8%          1
 Vampiric Draining        Necr           4%         2d6       22%         3
 Yara's Violent Unravell  Hex/Tmut       12%        3d7       45%         5
 Summon Lightning Spire   Summ/Air       4%         N/A       58%         4
 Enfeeble                 Hex            22%        N/A       98%         7
 Storm Form               Tmut/Air       2%         N/A       100%        7
 Maxwell's Capacitive Co  Air            2%         ∞         100%        8


Dungeon Overview and Level Annotations

Branches:
Dungeon (7/15)
 Temple: D:4-7

Altars:
Ashenzari
Cheibriados
Dithmenos
Elyvilon
Fedhas
Gozag
Qazlal
Trog
Yredelemnul

Shops:
D:1 [


Innate Abilities, Weirdness & Mutations

You have sharp claws.
You have razor-sharp teeth.
You have supernaturally acute eyesight. (SInv)
You cover ground quickly. (Speed+)
You are covered in thick fur. (AC +2)
Your paws help you pounce on unaware monsters.
You are incapable of wielding weapons or throwing items.
You cannot wear armour.
You gain extra lives every three experience levels.


Message History

The hornet zombie is almost destroyed.
The hornet zombie barely misses you.
You scratch the hornet zombie but do no damage.
The hornet zombie is almost destroyed.
The hornet zombie completely misses you.
The hornet zombie hits you.
You barely miss the hornet zombie.
The hornet zombie is almost destroyed.
The hornet zombie completely misses you.
You scratch the hornet zombie but do no damage.
The hornet zombie is almost destroyed.
The hornet zombie misses you.
You scratch the hornet zombie but do no damage.
Your bite misses the hornet zombie.
The hornet zombie is almost destroyed.
The hornet zombie completely misses you.
You scratch the hornet zombie but do no damage.
You bite the hornet zombie, but do no damage.
The hornet zombie is almost destroyed.
The hornet zombie barely misses you.
You closely miss the hornet zombie.
The hornet zombie is almost destroyed.
The hornet zombie hits you!
You barely miss the hornet zombie.
The hornet zombie is almost destroyed.
The hornet zombie hits you!
* * * LOW HITPOINT WARNING * * *
Casting: Confusing Touch (safe; 1% risk of failure)
Confirm with . or Enter, or press ? or * to list all spells.
Okay, then.
You are healed.
The hornet zombie completely misses you.
The hornet zombie hits you!
You scratch the hornet zombie.
You bite the hornet zombie, but do no damage.
The hornet zombie is almost destroyed.
The hornet zombie hits you!
* * * LOW HITPOINT WARNING * * *
You fail to use your ability.
The hornet zombie hits you!
You die...

....#....# #....#......#
....#....# #....#......#
##'##....### #.♣♣♣♣'#########
....####...# ##♣♣..............
....#.....######.♣...♣..♣........
....#..........♣♣..♣♣.Z..........
....#.##.#####.♣..♣...♣♣Z♣.......
###### ### #.♣♣Z♣._...♣..######
.# #..@♣♣...♣♣...# .#
#.♣♣.♣♣♣♣♣..♣.# .# #.. ♣.. .♣..?+
## #### ....♣....# ♣...# ### ####


You could see a hornet zombie.

Vanquished Creatures
  Maggie (D:6)
  Grinder (D:6)
  2 sky beasts
  2 ogres
  A necrophage (D:6)
  A black bear (D:4)
  A phantom (D:6)
  A bullfrog (D:6)
  2 wyvern zombies (D:7)
  A water moccasin skeleton (D:5)
  3 wights
  A bullfrog skeleton (D:4)
  2 centaur skeletons (D:7)
  A hound (D:5)
  A jelly (D:6)
  A gnoll shaman (D:6)
  4 orc priests
  2 iguanas (D:3)
  2 orc wizards (D:6)
  3 killer bee zombies (D:7)
  A hound zombie (D:5)
  A hound skeleton (D:4)
  6 gnolls
  12 adders
  2 ufetubi
  An adder skeleton (D:4)
  2 worms
  A dart slug (D:2)
  19 orcs
  10 endoplasms
  2 giant cockroaches
  4 hobgoblins
  11 jackals
  10 kobolds
  4 quokkas
  8 ball pythons
  4 bats
  3 frilled lizards
  12 goblins
  A quokka skeleton (D:4)
  2 rats
149 creatures vanquished.

Vanquished Creatures (collateral kills)
  Eustachio (D:6)
  2 ogres
  A centaur (D:3)
  2 wights (D:6)
  3 orcs (D:3)
  2 goblins (D:3)
11 creatures vanquished.

Vanquished Creatures (others)
  9 dancing weapons
  4 fungi (D:1)
  A plant (D:1)
14 creatures vanquished.

Grand Total: 174 creatures vanquished

Notes
Turn   | Place    | Note
-------+----------+-------------------------------------------
     0 | D:1      | enile the Felid Enchanter began the quest for the Orb.
     0 | D:1      | Reached XP level 1. HP: 7/7 MP: 4/4
    11 | D:1      | Found Lumemm's Antique Armour Shoppe.
   272 | D:1      | Reached skill level 1 in Fighting
   286 | D:1      | Learned a level 1 spell: Slow
   358 | D:1      | Reached XP level 2. HP: 5/12 MP: 1/6
   865 | D:1      | Learned a level 2 spell: Ensorcelled Hibernation
  1243 | D:1      | Found a faded altar of an unknown god.
  1370 | D:1      | Prayed at the altar of an unknown god.
  1370 | D:1      | Became a worshipper of Elyvilon the Healer
  1370 | D:1      | Reached * piety under Elyvilon
  1450 | D:1      | Reached skill level 5 in Hexes
  1658 | D:2      | Reached XP level 3. HP: 9/16 MP: 1/7
  1864 | D:2      | Identified the +5 hand axe of Kiv Jus {freeze, Drain rN++
                  | Str+4}
  2126 | D:2      | Reached skill level 1 in Ice Magic
  2885 | D:2      | Learned a level 3 spell: Tukima's Dance
  2935 | D:2      | Reached XP level 4. HP: 16/19 MP: 1/8
  3332 | D:3      | Reached ** piety under Elyvilon
  3364 | D:3      | Found a snail-covered altar of Cheibriados.
  3373 | D:3      | Noticed a centaur
  3704 | D:3      | Killed a centaur
  3705 | D:3      | Reached XP level 5. HP: 16/24 MP: 4/9
  4056 | D:4      | HP: 1/24 [adder (4)]
  4244 | D:4      | Noticed a sky beast
  4498 | D:4      | HP: 1/24 [sky beast (6)]
  4500 | D:4      | Slain by a quokka skeleton
  4501 | D:4      | Reached XP level 4. HP: 0/21 MP: 8/18
  4711 | D:4      | Identified the +8 hand axe "Vetoram" {holy, Dex+3 Stlth+}
  4743 | D:3      | Reached XP level 5. HP: 10/24 MP: 5/10
  5252 | D:3      | Noticed an ogre
  5344 | D:3      | Killed an ogre
  5345 | D:3      | Reached skill level 5 in Stealth
  5345 | D:3      | Gained mutation: You are covered in thick fur. (AC +2)
                  | [Felid growth]
  5345 | D:3      | Reached XP level 6. HP: 20/28 MP: 2/11
  5539 | D:3      | Found a bloodstained altar of Trog.
  5817 | D:3      | Reached *** piety under Elyvilon
  5987 | D:3      | Elyvilon protects you from harm!
  6309 | D:3      | Found a broken altar of Ashenzari.
  6343 | D:3      | Found a blossoming altar of Fedhas.
  6502 | D:4      | Learned a level 3 spell: Confusing Touch
  7105 | D:4      | Found an opulent altar of Gozag.
  7123 | D:4      | Reached skill level 5 in Dodging
  7763 | D:3      | Killed a sky beast
  7764 | D:3      | Reached XP level 7. HP: 11/31 MP: 12/12
  9114 | D:4      | Learned a level 3 spell: Dazzling Flash
  9145 | D:5      | Entered Level 5 of the Dungeon
  9653 | D:5      | HP: 1/32 [ogre (9)]
 10082 | D:5      | Identified the +1 ring mail of the Stonemason {rElec Dex+4
                  | SInv}
 10130 | D:5      | Reached skill level 5 in Fighting
 10130 | D:5      | Reached XP level 8. HP: 37/37 MP: 13/13
 10156 | D:5      | Found a shadowy altar of Dithmenos.
 10471 | D:6      | Noticed Maggie
 10486 | D:6      | Mangled by Maggie
 10487 | D:6      | Reached XP level 7. HP: -8/33 MP: 15/21
 10493 | D:6      | Reached **** piety under Elyvilon
 10502 | D:6      | Killed Maggie
 10890 | D:6      | Noticed Eustachio
 10890 | D:6      | Noticed Grinder
 10894 | D:6      | Identified a scroll of acquirement
 10896 | D:6      | Acquired the ring "Cumatt" {rF+ rC- rN+ Will+ Int+8}
 10920 | D:6      | Killed Eustachio
 10921 | D:6      | Reached skill level 5 in Unarmed Combat
 10921 | D:6      | Reached XP level 8. HP: 37/38 MP: 11/13
 10935 | D:6      | Killed Grinder
 11934 | D:6      | Found a stormy altar of Qazlal.
 12223 | D:7      | Reached skill level 1 in Evocations
 12223 | D:7      | Reached XP level 9. HP: 41/41 MP: 14/14
 12224 | D:7      | Found a basalt altar of Yredelemnul.
 12541 | D:7      | Mangled by a hornet zombie

Illustrated notes

Levels and vault maps discovered:
D:1:      onia_arrival_handbag, layout_loops_cross,
          shapermc_ecumenical_altar_hornbeckon, serial_shops, nicolae_shop_stone
D:2:      layout_basic, minmay_misc_feat_x, grunt_ministairs_10
D:3:      layout_basic, general_overflow_altar, mainiacjoe_overflow_paths,
          amcnicky_altar_gilded, grunt_ashenzari_visionary
          [grunt_ashenzari_visionary_shoals, grunt_ashenzari_visionary_spider],
          minmay_ogre_servants
D:4:      layout_cave_pools, minmay_ruined_shrine
D:5:      layout_gridville, kennysheep_mini
D:6:      layout_basic, mainiacjoe_overflow_24_doors, uniq_maggie,
          uniq_eustachio, uniq_grinder
D:7:      layout_gridville, nicolae_yredelemnul_corpse_copse,
          minmay_temple_entry_large_hall, serial_shops,
          nicolae_shop_advertising_works [nicolae_subvault_shop_adworks],
          uniq_menkaure

Skill      XL: |  1  2  3  4  5  6  7  8  9 |
---------------+----------------------------+-----
Fighting       | 1 2 3 6 |  6.0
Dodging        | 3 4 5 6 7 |  7.0
Hexes          | 5 6 7 |  7.0
Ice Magic      | 2 3 |  3.0
Spellcasting   | 3 |  3.0
Unarmed Combat | 2 5 7 |  7.0
Stealth        | 5 7 |  7.0
Evocations     | 1 2 |  2.4

Action                   |  1- 3 |  4- 6 |  7- 9 || total
-------------------------+-------+-------+-------++-------
Melee: Unarmed           |   100 |   139 |   245 ||   484
       Bite              |     9 |    19 |    31 ||    59
       Punch             |     2 |     5 |    10 ||    17
 Cast: Slow              |    39 |    47 |    13 ||    99
       Ensorcelled Hiber |    16 |    61 |    60 ||   137
       Tukima's Dance    |       |    31 |    18 ||    49
       Confusing Touch   |       |     2 |     7 ||     9
Invok: Heal Self         |       |       |     1 ||     1
Evoke: Wand              |       |       |    17 ||    17
  Use: Potion            |       |     4 |       ||     4
       Scroll            |       |     3 |     3 ||     6
 Stab: Sleeping          |    19 |    27 |    45 ||    91
       Distracted        |       |     1 |       ||     1
       Confused          |       |       |     2 ||     2
Armor: Skin              |     3 |    13 |    15 ||    31
Dodge: Dodged            |    76 |   130 |   235 ||   441

Table legend: (Time is in decaauts)
 A = Elapsed time spent in this place.
 B = Non-inter-level travel time spent in this place.
 C = Inter-level travel time spent in this place.
 D = Time resting spent in this place.
 E = Time spent auto-exploring this place.
 F = Levels seen in this place.
 G = Mean time per level.
                   A        B        C        D        E       F      G
               +--------+--------+--------+--------+--------+-----+--------+
         Total |  11526 |  11345 |    181 |   1670 |   7684 |   7 | 1646.6 |
       Dungeon |  11526 |  11345 |    181 |   1670 |   7684 |   7 | 1646.6 |
               +--------+--------+--------+--------+--------+-----+--------+

Top non-repeatable levels by time:
     D:3: 3257 daAuts
     D:4: 2167 daAuts
     D:2: 1567 daAuts
     D:1: 1480 daAuts
     D:5: 1420 daAuts
     D:6: 1193 daAuts
     D:7: 439 daAuts
